 Dungeon Crawl Stone Soup version 0.18.1-50-g88ac8fd (webtiles) character file.

139 yungnami the Skirmisher (level 5, -3/42 HPs)
             Began as a Demonspawn Berserker on Oct 14, 2016.
             Was a Believer of Trog.
             Killed by divine providence
             ... invoked by an orc priest
              (8 damage)
             ... on level 5 of the Dungeon.
             The game lasted 00:06:53 (1106 turns).

yungnami the Skirmisher (Demonspawn Berserker)      Turns: 1106, Time: 00:06:53

Health: -3/42      AC:  7    Str: 18    XL:     5   Next: 1%
Magic:  5/5        EV: 17    Int:  9    God:    Trog [**....]
Gold:   71         SH:  0    Dex: 12    Spells: 0 memorised, 4 levels left

rFire  . . .     SeeInvis .     a - +2 hand axe
rCold  . . .     Gourm    .     b - +0 animal skin
rNeg   . . .     Faith    +     (no shield)
rPois  .         Spirit   .     (helmet restricted)
rElec  .         Dismiss  .     (no cloak)
rCorr  .         Reflect  .     (no gloves)
SustAt .         Harm     .     (no boots)
MR     .....                    l - amulet of faith
Stlth  +.........               m - +3 ring of protection
                                d - +4 ring of evasion

@: exhausted, not resistant to hostile enchantments, very unstealthy
A: antennae 1, thin metallic scales 1
a: Berserk, Trog's Hand, Burn Spellbooks, Renounce Religion


You were on level 5 of the Dungeon.
You worshipped Trog.
Trog was pleased with you.
You were not hungry.

You visited 1 branch of the dungeon, and saw 4 of its levels.

You collected 71 gold pieces.

Inventory:

Hand Weapons
 a - a +2 hand axe (weapon)
 n - a +0 giant club
Armour
 b - a +0 animal skin (worn)
Jewellery
 d - a +4 ring of evasion (left hand)
 l - an amulet of faith (around neck)
 m - a +3 ring of protection (right hand)
Scrolls
 f - a scroll of remove curse
 j - a scroll of teleportation {unknown}
Potions
 e - a potion of curing {unknown}
 h - a potion of resistance {unknown}
 k - a potion of agility {unknown}
Comestibles
 c - 2 bread rations
 i - 4 fruits


   Skills:
 + Level 3.7 Fighting
 + Level 3.5 Axes
 + Level 2.0 Armour
 + Level 3.4 Dodging
 + Level 0.2 Stealth


You had 4 spell levels left.
You didn't know any spells.

Dungeon Overview and Level Annotations

Branches:
Dungeon (3/15)

Altars:
Ashenzari


Innate Abilities, Weirdness & Mutations

You have a pair of small antennae on your head.
You are partially covered in thin metallic scales (AC +2).


Message History

The orc hits you but does no damage.
You hit the orc priest.
The orc priest is lightly wounded.
You hit the orc.
You kill the orc!
Trog accepts your kill.
You have reached level 5!
You hit the orc.
You kill the orc!
Trog accepts your kill.
The orc priest hits you but does no damage.
The orc priest hits you but does no damage.
Things that are here:
a hand axe; a chain mail; an orc corpse The orc priest calls down the wrath of Beogh upon you.
Beogh smites you!
* * * LOW HITPOINT WARNING * * *
The orc priest calls down the wrath of Beogh upon you.
Beogh smites you!
You die...

#...........
#..........##
#...........####
#...............
#......._....>..
#...............
#..................
#...@o.o†........
##..###.......... .
#..###.#######.. #.
#..###.# ##.###..
#...#..######...?...
#...#..#..........#.
#..._..#.......?..#.
#.[.#..#............
##..#..#..)....>....


You could see 2 orc priests.

Vanquished Creatures
  An ogre (D:5)
  An adder (D:2)
  A worm (D:2)
  2 orcs (D:5)
  6 bats
  3 giant cockroaches
  4 goblins
  6 hobgoblins
  7 kobolds
  2 giant newts
  8 rats
41 creatures vanquished.

Notes
Turn   | Place    | Note
--------------------------------------------------------------
     0 | D:1      | yungnami the Demonspawn Berserker began the quest for the Orb.
     0 | D:1      | Reached XP level 1. HP: 18/18 MP: 1/1
   112 | D:1      | Gained mutation: You are partially covered in thin metallic scales (AC +2). [demonic ancestry]
   112 | D:1      | Reached XP level 2. HP: 22/24 MP: 2/2
   649 | D:2      | Gained mutation: You have a pair of small antennae on your head. [demonic ancestry]
   649 | D:2      | Reached XP level 3. HP: 28/29 MP: 3/3
   669 | D:2      | Reached ** piety under Trog
  1057 | D:3      | You fall through a shaft for 2 floors!
  1057 | D:5      | Entered Level 5 of the Dungeon
  1057 | D:5      | Noticed an ogre
  1065 | D:5      | Killed an ogre
  1065 | D:5      | Reached XP level 4. HP: 37/37 MP: 4/4
  1086 | D:5      | Found a shattered altar of Ashenzari.
  1093 | D:5      | Found a shattered altar of Ashenzari.
  1102 | D:5      | Reached XP level 5. HP: 13/42 MP: 5/5
  1106 | D:5      | Killed from afar by an orc priest

Skill      XL: |  1  2  3 |
---------------+----------+-----
Dodging        | 2 3 |  3.4
Armour         | 2 |  2.0
Axes           | 3 |  3.5
Fighting       | |  3.7
Stealth        | |  0.2

Action                   |  1- 3 |  4- 6 || total
-------------------------+-------+-------++-------
Melee: Hand axe          |   142 |     6 ||   148
Invok: Berserk           |     1 |       ||     1
  Use: Scroll            |     5 |       ||     5
  Eat: Pizza             |       |     2 ||     2
Armor: Animal skin       |    63 |     3 ||    66
Dodge: Dodged            |   111 |     6 ||   117
